BSA
NEW YORK KNIGHTS @ PHILADELPHIA ATHLETICS
09/24/2030
 
TOP OF THE 1ST
New York Knights batting - Pitching for Philadelphia Athletics : RHP Roy March
Pitching: RHP Roy March
Batting: LHB Bob Campbell 0-0: Ground out 4-3 (Groundball, 4M)
Pitching: LHP Rob Greene
Batting: RHB Jackson Gibson 0-0: Ball
1-0: Foul Ball, location: 2F
1-1: Fly out, F9 (Line Drive, 89M)
Batting: LHB Willie Wallace 0-0: Ball
1-0: Swinging Strike
1-1: Foul Ball, location: 2F
1-2: Strikes out swinging
Top of the 1st over - 0 runs, 0 hits, 0 errors, 0 left on base; New York 0 - Philadelphia 0
BOTTOM OF THE 1ST
Philadelphia Athletics batting - Pitching for New York Knights : LHP Steven England
Pitching: LHP Steven England
Batting: RHB Felipe Rivera 0-0: Ball
1-0: Ball
2-0: Called Strike
2-1: Ball
3-1: Foul Ball, location: 2F
3-2: Base on Balls
Batting: RHB César García 0-0: Foul Ball, location: 2F
0-1: Ball
1-1: Fly out, F4 (Flyball, 34D)
Batting: RHB Tony Morton 0-0: Ball
1-0: Ball
2-0: Fielders Choice at 2nd, 1-4 (Groundball, 15)
Batting: RHB Alfredo Rivera 0-0: Ball
1-0: Foul Ball, location: 2F
1-1: Ground out 5-3 (Groundball, 56S)
Bottom of the 1st over - 0 runs, 0 hits, 0 errors, 1 left on base; New York 0 - Philadelphia 0
TOP OF THE 2ND
New York Knights batting - Pitching for Philadelphia Athletics : LHP Rob Greene
Batting: SHB Mark Wells 0-0: Swinging Strike
0-1: Ball
1-1: Swinging Strike
1-2: Foul Ball, location: 2F
1-2: Strikes out swinging
Batting: RHB Alberto Hernández 0-0: Ball
1-0: Ball
2-0: Ball
3-0: Called Strike
3-1: Swinging Strike
3-2: Strikes out swinging
Batting: LHB Doug Thompson 0-0: Swinging Strike
0-1: Called Strike
0-2: Foul Ball, location: 2F
0-2: Strikes out swinging
Top of the 2nd over - 0 runs, 0 hits, 0 errors, 0 left on base; New York 0 - Philadelphia 0
BOTTOM OF THE 2ND
Philadelphia Athletics batting - Pitching for New York Knights : LHP Steven England
Batting: LHB Carter Sweet 0-0: Ball
1-0: Ball
2-0: Ball
3-0: Base on Balls
Batting: RHB Miguel Encarnación 0-0: Ball
1-0: Ball
2-0: Foul Ball, location: 2F
2-1: 2-RUN HOME RUN (Flyball, 7LD), Distance : 401 ft
Batting: RHB Dick Slagboom 0-0: Foul Ball, location: 2F
0-1: Ball
1-1: Ball
2-1: Ball
3-1: Swinging Strike
3-2: Strikes out looking
Batting: RHB Anastasio Villa 0-0: Called Strike
0-1: SINGLE (Line Drive, 6MD)
Batting: SHB Héctor Padilla 0-0: Ball
1-0: Swinging Strike
1-1: Ball
2-1: Foul Ball, location: 2F
2-2: SINGLE (Line Drive, 5D)
Anastasio Villa to second
Batting: RHB Felipe Rivera 0-0: Called Strike
0-1: Ball
1-1: Ball
2-1: Fly out, F8 (Line Drive, 78XD)
Runner from 2nd tags up, SAFE at 3rd, no throw
Batting: RHB César García 0-0: Ball
1-0: Ball
2-0: Called Strike
2-1: SINGLE (Groundball, 6MD)
Anastasio Villa scores
Héctor Padilla to second
Runner from 2nd tries for 3rd, SAFE, no throw
Batting: RHB Tony Morton 0-0: Ball
1-0: Ball
2-0: Ball
3-0: SINGLE (Groundball, 6MD)
Héctor Padilla scores
César García to second
Runner from 2nd tries for 3rd, SAFE, no throw
Batting: RHB Alfredo Rivera 0-0: Called Strike
0-1: Foul Ball, location: 2F
0-2: Ball
1-2: Ball
2-2: Fly out, F9 (Flyball, 89S)
Bottom of the 2nd over - 4 runs, 5 hits, 0 errors, 2 left on base; New York 0 - Philadelphia 4
TOP OF THE 3RD
New York Knights batting - Pitching for Philadelphia Athletics : LHP Rob Greene
Batting: LHB Nicholas Alston 0-0: Ball
1-0: Ground out 4-3 (Groundball, 4)
Batting: LHB Sixto Cortés 0-0: Ball
1-0: Foul Ball, location: 2F
1-1: Ground out 5-3 (Groundball, 5S)
Batting: RHB Gerald Miller 0-0: Foul Ball, location: 2F
0-1: SINGLE (Flyball, 9LS)
Batting: LHB Bob Campbell 0-0: Ball
1-0: Called Strike
1-1: Fly out, F9 (Flyball, 89S)
Top of the 3rd over - 0 runs, 1 hit, 0 errors, 1 left on base; New York 0 - Philadelphia 4
BOTTOM OF THE 3RD
Philadelphia Athletics batting - Pitching for New York Knights : LHP Steven England
Batting: LHB Carter Sweet 0-0: Foul Ball, location: 2F
0-1: Swinging Strike
0-2: Ball
1-2: Ball
2-2: Ball
3-2: Foul Ball, location: 2F
3-2: SOLO HOME RUN (Flyball, 9D), Distance : 397 ft
Batting: RHB Miguel Encarnación 0-0: Ground out 5-3 (Groundball, 56S)
Batting: RHB Dick Slagboom 0-0: Ball
1-0: Called Strike
1-1: Called Strike
1-2: Foul Ball, location: 2F
1-2: Ball
2-2: Ball
3-2: Base on Balls
Batting: RHB Anastasio Villa 0-0: Called Strike
0-1: Fly out, F9 (Flyball, 9S)
Batting: SHB Héctor Padilla 0-0: SINGLE (Line Drive, 6)
Dick Slagboom to second
Batting: RHB Felipe Rivera 0-0: Ball
1-0: Foul Ball, location: 2F
1-1: Called Strike
1-2: Foul Ball, location: 2F
1-2: Ground out 3-1 (Groundball, 34)
Bottom of the 3rd over - 1 run, 2 hits, 0 errors, 2 left on base; New York 0 - Philadelphia 5
TOP OF THE 4TH
New York Knights batting - Pitching for Philadelphia Athletics : LHP Rob Greene
Batting: RHB Jackson Gibson 0-0: Ball
1-0: Ground out 6-3 (Groundball, 6M)
Batting: LHB Willie Wallace 0-0: SINGLE (Groundball, 6) (infield hit)
Batting: SHB Mark Wells 0-0: Ball
1-0: Ball
2-0: Called Strike
2-1: Grounds into double play, 6-4-3 (Groundball, 56)
Top of the 4th over - 0 runs, 1 hit, 0 errors, 0 left on base; New York 0 - Philadelphia 5
BOTTOM OF THE 4TH
Philadelphia Athletics batting - Pitching for New York Knights : LHP Steven England
Batting: RHB César García 0-0: Ball
1-0: Ground out U3 (Groundball, 3)
Batting: RHB Tony Morton 0-0: Called Strike
0-1: Ball
1-1: Foul Ball, location: 2F
1-2: Ball
2-2: Ball
3-2: SINGLE (Line Drive, 8RS)
Pitching: RHP José Gómez
Batting: RHB Alfredo Rivera 0-0: Ball
1-0: Swinging Strike
1-1: Ball
2-1: Foul Ball, location: 2F
2-2: Foul Ball, location: 2F
2-2: Fly out, F5 (Line Drive, 5)
Batting: LHB Carter Sweet 0-0: Ball
1-0: Ball
2-0: Ball
3-0: Base on Balls
Tony Morton to second
Batting: RHB Miguel Encarnación 0-0: Called Strike
0-1: Ball
1-1: Swinging Strike
1-2: Ball
2-2: Foul Ball, location: 2F
2-2: Foul Ball, location: 2F
2-2: SINGLE (Flyball, 6D)
Tony Morton to third
Carter Sweet to second
Runner from 3rd tries for Home, SAFE, throw made home
Batting: RHB Dick Slagboom 0-0: Foul Ball, location: 2F
0-1: Fielders Choice at 2nd, 5-4 (Groundball, 56)
Bottom of the 4th over - 1 run, 2 hits, 0 errors, 2 left on base; New York 0 - Philadelphia 6
TOP OF THE 5TH
New York Knights batting - Pitching for Philadelphia Athletics : LHP Rob Greene
Batting: RHB Alberto Hernández 0-0: Ball
1-0: SINGLE (Line Drive, 78S)
Batting: LHB Doug Thompson 0-0: Called Strike
0-1: Foul Ball, location: 2F
0-2: Foul Ball, location: 2F
0-2: Strikes out swinging
Batting: LHB Nicholas Alston 0-0: Ball
1-0: Fly out, F7 (Flyball, 78S)
Batting: LHB Sixto Cortés 0-0: Ball
1-0: Called Strike
1-1: SINGLE (Flyball, 89M)
Alberto Hernández to second
Batting: RHB Gerald Miller 0-0: Swinging Strike
0-1: Swinging Strike
0-2: Fielders Choice at 2nd, 6-4 (Groundball, 6)
Top of the 5th over - 0 runs, 2 hits, 0 errors, 2 left on base; New York 0 - Philadelphia 6
BOTTOM OF THE 5TH
Philadelphia Athletics batting - Pitching for New York Knights : RHP José Gómez
Batting: RHB Anastasio Villa 0-0: Ball
1-0: Swinging Strike
1-1: DOUBLE (Line Drive, 7LM)
Batting: SHB Héctor Padilla 0-0: Fly out, F8 (Flyball, 89M)
Batting: RHB Felipe Rivera 0-0: Ball
1-0: Called Strike
1-1: Foul Ball, location: 2F
1-2: Ball
2-2: Ball
3-2: Foul Ball, location: 2F
3-2: Base on Balls
Batting: RHB César García 0-0: Ball
1-0: Ball
2-0: Ball
3-0: Base on Balls
Anastasio Villa to third
Felipe Rivera to second
Batting: RHB Tony Morton 0-0: SINGLE (Flyball, 78M)
Anastasio Villa scores
Felipe Rivera to third
César García to second
Batting: RHB Alfredo Rivera 0-0: Swinging Strike
0-1: Ball
1-1: Foul Ball, location: 2F
1-2: Ball
2-2: GRAND SLAM HOME RUN (Flyball, 7LD), Distance : 455 ft
Batting: LHB Carter Sweet 0-0: Ball
1-0: SINGLE (Flyball, 8RS)
Batting: RHB Miguel Encarnación 0-0: Called Strike
0-1: Foul Ball, location: 2F
0-2: Ball
1-2: Foul Ball, location: 2F
1-2: Foul Ball, location: 2F
1-2: Foul Ball, location: 2F
1-2: Fielders Choice at 2nd, 4-6 (Groundball, 4)
Batting: RHB Dick Slagboom 0-0: Called Strike
Miguel Encarnación steals 2nd base
0-1: Ball
1-1: Ground out 6-3 (Groundball, 6M)
Bottom of the 5th over - 5 runs, 4 hits, 0 errors, 1 left on base; New York 0 - Philadelphia 11
TOP OF THE 6TH
New York Knights batting - Pitching for Philadelphia Athletics : LHP Rob Greene
Batting: LHB Bob Campbell 0-0: Called Strike
0-1: Foul Ball, location: 2F
0-2: Ball
1-2: Reached via error on a dropped throw, E3
Pitching: RHP António López
Batting: RHB Jackson Gibson 0-0: Ball
1-0: Swinging Strike
1-1: Swinging Strike
1-2: Ball
2-2: Strikes out looking
Batting: LHB Willie Wallace 0-0: Ball
1-0: Ball
Bob Campbell steals 2nd base
2-0: Ball
3-0: Fly out, F7 (Line Drive, 78M)
Batting: SHB Mark Wells 0-0: Foul Ball, location: 2F
0-1: Fly out, F9 (Flyball, 9LDF)
Top of the 6th over - 0 runs, 0 hits, 1 error, 1 left on base; New York 0 - Philadelphia 11
BOTTOM OF THE 6TH
Philadelphia Athletics batting - Pitching for New York Knights : RHP José Gómez
Pitching: RHP Jeff Davis
Batting: RHB Anastasio Villa 0-0: Ball
1-0: Reached on error, E6 (Groundball, 6MS)
Batting: SHB Héctor Padilla 0-0: Ball
1-0: Swinging Strike
1-1: Called Strike
1-2: Ball
2-2: Ball
3-2: Base on Balls
Batting: RHB Felipe Rivera 0-0: Foul Ball, location: 2F
0-1: Ball
1-1: Called Strike
1-2: SINGLE (Groundball, 56D)
Anastasio Villa to third
Héctor Padilla to second
Batting: RHB César García 0-0: Swinging Strike
0-1: Ball
1-1: Ball
2-1: Ball
3-1: Base on Balls
Anastasio Villa scores
Héctor Padilla to third
Felipe Rivera to second
Batting: RHB Tony Morton 0-0: Grounds into double play, 5-4-3 (Groundball, 5)
Héctor Padilla scores
Felipe Rivera to third
Batting: RHB Alfredo Rivera 0-0: Fly out, F9 (Flyball, 89M)
Bottom of the 6th over - 2 runs, 1 hit, 1 error, 1 left on base; New York 0 - Philadelphia 13
TOP OF THE 7TH
New York Knights batting - Pitching for Philadelphia Athletics : RHP António López
Batting: RHB Alberto Hernández 0-0: Ball
1-0: Foul Ball, location: 2F
1-1: Foul Ball, location: 2F
1-2: Foul Ball, location: 2F
1-2: Foul Ball, location: 2F
1-2: Fly out, F8 (Line Drive, 89S)
Batting: LHB Doug Thompson 0-0: Called Strike
0-1: Foul Ball, location: 2F
0-2: Foul Ball, location: 2F
0-2: Ball
1-2: Foul Ball, location: 2F
1-2: Ground out 4-3 (Groundball, 4)
Batting: LHB Nicholas Alston 0-0: Ball
1-0: Foul Ball, location: 2F
1-1: Ball
2-1: Foul Ball, location: 2F
2-2: Strikes out looking
Top of the 7th over - 0 runs, 0 hits, 0 errors, 0 left on base; New York 0 - Philadelphia 13
BOTTOM OF THE 7TH
Philadelphia Athletics batting - Pitching for New York Knights : RHP Jeff Davis
Batting: LHB Carter Sweet 0-0: Ball
1-0: Called Strike
1-1: Ball
2-1: Reached on error, E4 (Groundball, 4)
Batting: RHB Miguel Encarnación 0-0: Ball
1-0: Ball
2-0: Foul Ball, location: 2F
2-1: Ball
3-1: Foul Ball, location: 2F
3-2: Grounds into double play, 3-6-3 (Groundball, 3)
Batting: RHB Dick Slagboom 0-0: Ball
1-0: Foul Ball, location: 2F
1-1: Ball
2-1: Foul Ball, location: 2F
2-2: Fly out, F7 (Line Drive, 78D)
Bottom of the 7th over - 0 runs, 0 hits, 1 error, 0 left on base; New York 0 - Philadelphia 13
TOP OF THE 8TH
New York Knights batting - Pitching for Philadelphia Athletics : RHP António López
Pitching: LHP José Mercado
Batting: LHB Sixto Cortés 0-0: Foul Ball, location: 2F
0-1: Ball
1-1: Called Strike
1-2: Strikes out swinging
Batting: RHB Gerald Miller 0-0: Fly out, F6 (Popup, 6)
Batting: LHB Bob Campbell 0-0: Called Strike
0-1: Hit by Pitch
Batting: RHB Jackson Gibson 0-0: Ball
1-0: Ball
2-0: Ball
3-0: Called Strike
3-1: Base on Balls
Bob Campbell to second
Batting: LHB Willie Wallace 0-0: Swinging Strike
0-1: Ball
1-1: 3-RUN HOME RUN (Flyball, 78XD), Distance : 400 ft
Batting: SHB Mark Wells 0-0: Called Strike
0-1: Ground out 6-3 (Groundball, 6)
Top of the 8th over - 3 runs, 1 hit, 0 errors, 0 left on base; New York 3 - Philadelphia 13
BOTTOM OF THE 8TH
Philadelphia Athletics batting - Pitching for New York Knights : RHP Jeff Davis
Batting: RHB Anastasio Villa 0-0: Fly out, F6 (Popup, 6)
Batting: SHB Héctor Padilla 0-0: Fly out, F7 (Flyball, 7)
Batting: RHB Felipe Rivera 0-0: Foul Ball, location: 2F
0-1: Called Strike
0-2: Ball
1-2: Ball
2-2: Foul Ball, location: 2F
2-2: Fly out, F6 (Popup, 6MS)
Bottom of the 8th over - 0 runs, 0 hits, 0 errors, 0 left on base; New York 3 - Philadelphia 13
TOP OF THE 9TH
New York Knights batting - Pitching for Philadelphia Athletics : LHP José Mercado
Batting: RHB Alberto Hernández 0-0: Foul Ball, location: 2F
0-1: SINGLE (Groundball, 56D)
Batting: LHB Doug Thompson 0-0: Called Strike
0-1: Ball
Pickoff Throw by Catcher to First - Error! E2
Alberto Hernández to second
1-1: Ball
2-1: SINGLE (Groundball, 34D)
Alberto Hernández to third
Batting: LHB Nicholas Alston 0-0: Reached on error, E5 (Groundball, 56)
Alberto Hernández scores
Doug Thompson to second
Batting: LHB Sixto Cortés 0-0: Foul Ball, location: 2F
0-1: Ball
1-1: Ball
2-1: Foul Ball, location: 2F
2-2: Grounds into double play, 3-6-3 (Groundball, 34)
Doug Thompson to third
Batting: RHB Gerald Miller 0-0: Swinging Strike
0-1: Swinging Strike
0-2: Ball
1-2: Ball
2-2: Strikes out swinging
Top of the 9th over - 1 run, 2 hits, 2 errors, 1 left on base; New York 4 - Philadelphia 13
Saturday, April 7th, 2018 - OOTP Baseball 18.8 Build 76